 Dungeon Crawl Stone Soup version 0.19.1 (webtiles) character file.

1045 empire the Ruffian (level 8, -1/78 HPs)
             Began as a Troll Monk on Dec 5, 2016.
             Was a High Priest of Uskayaw.
             Slain by a soldier ant (12 damage)
             ... on level 5 of the Dungeon.
             The game lasted 00:14:20 (3502 turns).

empire the Ruffian (Troll Monk)                     Turns: 3502, Time: 00:14:21

Health: -1/78      AC:  5    Str: 20    XL:     8   Next: 4%
Magic:  1/9        EV: 12    Int: 14    God:    Uskayaw [*****.]
Gold:   196        SH:  0    Dex: 14    Spells: 0 memorised, 7 levels left

rFire  . . .     SeeInvis .       - Unarmed
rCold  . . .     Gourm    +     a - +0 robe
rNeg   . . .     Faith    .     (no shield)
rPois  .         Spirit   .     (helmet restricted)
rElec  .         Reflect  .     (no cloak)
rCorr  .         Harm     .     (gloves unavailable)
MR     .....                    (boots unavailable)
Stlth  ++........               (no amulet)
                                (no ring)
                                l - +3 ring of intelligence

@: brilliant, lethally poisoned (-1 -> -8)
A: unfitting armour, claws 3, fast metabolism 3, gourmand, regeneration 1,
shaggy fur 1, tough skin 2
a: Stomp, Line Pass, Grand Finale, Renounce Religion


You were on level 5 of the Dungeon.
You worshipped Uskayaw.
Uskayaw was noncommittal.
You were not hungry.

You visited 1 branch of the dungeon, and saw 5 of its levels.

You collected 196 gold pieces.

Inventory:

Hand Weapons
 f - a +5 dagger
 h - a cursed -2 dagger
 k - a +2 hunting sling of velocity
 n - a +0 spear
 o - a +0 falchion
 p - a +0 mace
 q - a +0 hand axe
 r - a +0 short sword
 t - a +1 mace of protection
 v - a +2 hunting sling
 x - a +3 dagger
 B - a +2 flail of protection
Missiles
 c - 18 poisoned needles
 i - 46 bolts
 j - 38 arrows
 E - 8 javelins (quivered)
Armour
 a - a +0 robe (worn)
Jewellery
 d - a cursed ring of teleportation
 e - an uncursed ring of flight
 l - a +3 ring of intelligence (left claw)
 s - an uncursed ring of fire
 w - an uncursed ring of see invisible
 y - an uncursed ring of fire
Scrolls
 g - a scroll of noise
Comestibles
 b - 3 bread rations
 m - a slice of pizza
 u - 7 fruits
 D - a beef jerky


   Skills:
 + Level 4.2 Fighting
 + Level 4.4 Dodging
 + Level 2.9 Stealth
 + Level 5.2 Unarmed Combat
 + Level 2.7 Invocations


You had 7 spell levels left.
You didn't know any spells.

Dungeon Overview and Level Annotations

Branches:
Dungeon (5/15)
 Temple: D:4-7

Altars:
Ashenzari
Cheibriados
Kikubaaqudgha
Okawaru
Uskayaw

Shops:
D:4 [

Annotations:
D:5 2 runed doors


Innate Abilities, Weirdness & Mutations

You are too large for most types of armour.
You have claws for hands.
Your metabolism is lightning-fast.
You like to eat raw meat.
Your natural rate of healing is unusually fast.
You are covered in fur. (AC +1)
You have very tough skin. (AC +2)


Message History

Aiming: Line Pass
Press: ? - help, Dir - move target cursor, f/p - worker ant
Aim: a worker ant (almost dead)
You can't stand on top of the monster!
Aiming: Line Pass
Press: ? - help, Dir - move target cursor, p - worker ant The soldier ant appears confused.
The worker ant appears confused.
You feel somewhat more hungry.
You feel sick. The adder closely misses you.
The soldier ant stings the adder!
The adder is killed!
Found a bubbling red potion.
Okay, then.
Okay, then.
Unknown command.
You claw the worker ant!
You kill the worker ant!
You feel sick.
The soldier ant wildly waves its antennae.
You feel sick.
The soldier ant seems less confused.
The soldier ant stings you!
You die... #!..# #...# ..... yyy .##+# yyy

#+##.
.#...#####.(.#.
#.. #....#?#....#
#...#....#!#....#.
#...#....'@†....#.
#..##...#a#...##.
#...###.#.#.### #
#...###.###... #.
#..........#
#.##..######### ##
#.#..#
##.##.###..##
..<....#.#.#


You could see a soldier ant and 6 killer bees.

Vanquished Creatures
  2 soldier ants (D:5)
  3 water moccasins (D:5)
  An ogre (D:4)
  A hound (D:5)
  An orc priest (D:3)
  8 worker ants
  An iguana (D:4)
  Robin (D:2)
  A howler monkey skeleton (D:4)
  3 adders
  An adder skeleton (D:4)
  3 worms (D:4)
  2 leopard geckos (D:3)
  11 orcs
  2 ball pythons
  A giant cockroach (D:4)
  14 goblins
  12 hobgoblins
  8 jackals
  9 kobolds
  2 quokkas
  9 bats
  2 frilled lizards
  7 rats
105 creatures vanquished.

Vanquished Creatures (others)
  A human (D:4)
1 creature vanquished.

Grand Total: 106 creatures vanquished

Notes
Turn   | Place    | Note
-------+----------+-------------------------------------------
     0 | D:1      | empire the Troll Monk began the quest for the Orb.
     0 | D:1      | Reached XP level 1. HP: 22/22 MP: 0/0
   506 | D:1      | Reached XP level 2. HP: 29/29 MP: 1/1
   969 | D:2      | Found a snail-covered altar of Cheibriados.
  1013 | D:2      | Found a shattered altar of Ashenzari.
  1184 | D:2      | Reached XP level 3. HP: 36/36 MP: 2/2
  1236 | D:2      | Found an iron altar of Okawaru.
  1323 | D:2      | Noticed Robin
  1394 | D:2      | Killed Robin
  1886 | D:3      | Reached XP level 4. HP: 29/44 MP: 3/3
  2129 | D:3      | Found a hide-covered altar of Uskayaw.
  2138 | D:3      | Became a worshipper of Uskayaw the Reveler
  2138 | D:3      | Reached * piety under Uskayaw
  2274 | D:3      | Reached ** piety under Uskayaw
  2275 | D:3      | Reached XP level 5. HP: 52/52 MP: 4/4
  2701 | D:4      | Noticed an ogre
  2707 | D:4      | Killed an ogre
  2707 | D:4      | Reached skill level 4 in Unarmed Combat
  2754 | D:4      | Found an ancient bone altar of Kikubaaqudgha.
  2755 | D:4      | Noticed a human
  2757 | D:4      | Killed a human
  2764 | D:4      | Reached skill level 1 in Invocations
  2764 | D:4      | Reached XP level 6. HP: 61/61 MP: 5/5
  2865 | D:4      | Reached *** piety under Uskayaw
  3160 | D:4      | Found Gaul's Armour Shoppe.
  3435 | D:5      | Entered Level 5 of the Dungeon
  3453 | D:5      | Found a runed gate.
  3454 | D:5      | Noticed a soldier ant
  3455 | D:5      | Found a runed gate.
  3455 | D:5      | Found a runed gate.
  3455 | D:5      | Noticed a soldier ant
  3455 | D:5      | Noticed a soldier ant
  3461 | D:5      | Found a runed door.
  3461 | D:5      | Found a runed door.
  3461 | D:5      | Noticed a water moccasin
  3461 | D:5      | Noticed a water moccasin
  3462 | D:5      | Noticed a water moccasin
  3473 | D:5      | Killed a soldier ant
  3476 | D:5      | Reached XP level 7. HP: 30/67 MP: 7/7
  3476 | D:5      | Reached **** piety under Uskayaw
  3479 | D:5      | Reached ***** piety under Uskayaw
  3483 | D:5      | Reached skill level 5 in Unarmed Combat
  3494 | D:5      | Reached XP level 8. HP: 25/78 MP: 4/9
  3502 | D:5      | Slain by a soldier ant

Skill      XL: |  1  2  3  4  5  6  7 |
---------------+----------------------+-----
Dodging        | 3 4 |  4.4
Stealth        | 2 |  2.9
Fighting       | 3 4 |  4.2
Unarmed Combat | 4 5 |  5.2
Invocations    | 1 2 |  2.7

Action                   |  1- 3 |  4- 6 |  7- 9 || total
-------------------------+-------+-------+-------++-------
Melee: Unarmed           |   102 |   153 |    19 ||   274
       Punch             |       |     4 |       ||     4
Invok: Stomp             |       |       |     1 ||     1
       Line Pass         |       |       |     1 ||     1
  Use: Scroll            |     9 |     6 |       ||    15
       Potion            |       |       |     4 ||     4
 Stab: Sleeping          |     4 |     2 |       ||     6
       Paralysed         |       |     1 |       ||     1
  Eat: Chunk             |    21 |    12 |       ||    33
Armor: Robe              |    35 |    44 |     2 ||    81
Dodge: Dodged            |    71 |   120 |    11 ||   202
